 Dungeon Crawl Stone Soup version 0.26.1-11-gd32895ea62 (webtiles) character file.

Game seed: 5344960657970057431

231 tizbic2 the Covered (level 6, -9/50 HPs)
             Began as a Gnoll Wanderer on June 27, 2021.
             Was a Follower of Makhleb.
             Killed by nerve-wracking pain
             ... invoked by an orc priest
              (14 damage)
             ... on level 3 of the Dungeon.
             The game lasted 00:14:06 (2105 turns).

tizbic2 the Covered (Gnoll Wanderer)                Turns: 2105, Time: 00:14:06

Health: -9/50      AC: 12    Str: 16      XL:     6   Next: 3%
Magic:  10/10      EV: 10    Int: 13 (14) God:    Makhleb [*.....]
Gold:   128        SH:  0    Dex: 15      Spells: 10/11 levels left

rFire    . . .     SeeInvis .   h - +2 dagger (drain)
rCold    + . .     Faith    .   (no shield)
rNeg     . . .     Spirit   .   o - +0 scale mail
rPois    .         Reflect  .   (no helmet)
rElec    .         Harm     .   p - +0 cloak
rCorr    .         Rampage  .   b - +2 pair of gloves
Will     .....                  (no boots)
Stlth    +.........             (no amulet)
HPRegen  0.16/turn              (no ring)
MPRegen  0.12/turn              (no ring)

@: no status effects
A: distributed training, fangs 1, cold resistance 1, deterioration 1, strong
nose
a: Renounce Religion


You were on level 3 of the Dungeon.
You worshipped Makhleb.
Makhleb was aware of your devotion.
You visited 1 branch of the dungeon, and saw 3 of its levels.

You collected 128 gold pieces.

Inventory:

Hand Weapons
 h - a +2 dagger of draining (weapon)
 n - a +0 war axe
Missiles
 i - 150 stones (quivered)
 j - 9 poisoned darts
 l - 11 boomerangs
Armour
 b - a +2 pair of gloves (worn)
 m - a +0 chain mail
 o - a +0 scale mail (worn)
 p - a +0 cloak (worn)
Scrolls
 c - 2 scrolls of teleportation
 k - a scroll of enchant weapon {unknown}
Potions
 a - a potion of curing {unknown}
 e - a potion of mutation
 f - 2 potions of berserk rage
 g - a potion of ambrosia {unknown}


   Skills:
 + Level 4.9 Fighting
 + Level 1.7 Short Blades
 + Level 1.7 Long Blades
 + Level 1.7 Axes
 + Level 1.7 Maces & Flails
 + Level 1.7 Polearms
 + Level 1.7 Staves
 + Level 1.7 Slings
 + Level 1.7 Bows
 + Level 1.7 Crossbows
 + Level 3.1 Throwing
 + Level 6.7 Armour
 + Level 1.7 Dodging
 + Level 2.9 Stealth
 + Level 1.7 Shields
 + Level 1.7 Unarmed Combat
 + Level 3.3 Spellcasting
 + Level 1.3 Conjurations
 + Level 1.3 Hexes
 + Level 1.3 Summonings
 + Level 4.0 Necromancy
 + Level 1.3 Translocations
 + Level 1.3 Transmutations
 + Level 1.3 Fire Magic
 + Level 1.3 Ice Magic
 + Level 1.3 Air Magic
 + Level 1.3 Earth Magic
 + Level 1.3 Poison Magic
 + Level 2.0 Invocations
 + Level 1.7 Evocations


You had 10 spell levels left.
You knew the following spells:

 Your Spells              Type           Power        Failure   Level
a - Animate Skeleton      Necr           24%          14%         1

Your spell library contained the following spells:

 Spells                   Type           Power        Failure   Level
 Pain                     Necr           48%          14%         1
 Vampiric Draining        Necr           6%           38%         3
 Animate Dead             Necr           6%           80%         4
 Agony                    Necr           12%          98%         5


Dungeon Overview and Level Annotations

Branches:
Dungeon (3/15)

Altars:
Ashenzari
Makhleb
The Shining One


Innate Abilities, Weirdness & Mutations

Your experience applies equally to all skills.
You have very sharp teeth.
Your uncanny sense of smell can sniff out nearby items.
Your flesh is cold resistant. (rC+)
Your body sometimes deteriorates upon taking damage.


Message History

Pain shoots through your body! The orc priest barely misses you.
Things that are here:
a +0 leather armour; a +0 flail You closely miss the orc priest.
The orc priest mumbles some strange prayers to Beogh against you.
Pain shoots through your body!
Your body deteriorates!
You feel dopey.
You hit the orc priest.
You bite the orc priest, but do no damage.
The orc priest is lightly wounded.
The orc priest invokes the aid of Beogh against you.
Beogh smites you!
* * * LOW HITPOINT WARNING * * *
You hit the orc priest but do no damage.
You drain the orc priest.
The orc priest is moderately wounded.
The orc priest mumbles some strange prayers to Beogh against you.
Pain shoots through your body!
You die...

...............#.................
###.........................<)...
.....................>##.....####
..........................#).....
..........................)..####
....###...............####.#.#
....# #.....).....#######..#.#
...## #.........o### ##..##.#
..## ###.......@..####..###.# ###
####..>#...........## #.#
###........#####>.....###.####
#...##...### ######.....##..
#.####...# ###....... #)# ##.##
##.###.. #.# #.# #.# #.. #.# .#
#o# ### ####.#####.# #o#


You could see an orc priest (drained).

Vanquished Creatures
  2 orc wizards
  An orc priest (D:3)
  A howler monkey skeleton (D:3)
  7 adders
  An ufetubus (D:3)
  An ooze (D:3)
  A worm (D:3)
  A dart slug (D:2)
  5 orcs (D:3)
  3 bats (D:1)
  2 giant cockroaches
  7 goblins
  4 hobgoblins
  9 kobolds
  A quokka (D:2)
  4 frilled lizards
  5 rats
55 creatures vanquished.

Vanquished Creatures (collateral kills)
  2 dart slugs
  A kobold (D:2)
  A rat (D:1)
4 creatures vanquished.

Grand Total: 59 creatures vanquished

Notes
Turn   | Place    | Note
-------+----------+-------------------------------------------
     0 | D:1      | tizbic2 the Gnoll Wanderer began the quest for the Orb.
     0 | D:1      | tizbic2 set off with the following items: a +0 mace, a
                  | scroll of teleportation, a +0 robe; and the following
                  | spells available to memorise: Animate Skeleton, Pain,
                  | Vampiric Draining, Animate Dead, Agony
     0 | D:1      | Reached XP level 1. HP: 20/20 MP: 4/4
     2 | D:1      | Learned a level 1 spell: Animate Skeleton
   378 | D:1      | Reached XP level 2. HP: 26/26 MP: 5/5
   787 | D:2      | Reached XP level 3. HP: 25/30 MP: 5/7
   794 | D:2      | Reached skill level 1 in Invocations
   858 | D:2      | Found a broken altar of Ashenzari.
  1016 | D:2      | Gained mutation: Your body sometimes deteriorates upon
                  | taking damage. [potion of mutation]
  1016 | D:2      | Gained mutation: Your flesh is cold resistant. (rC+)
                  | [potion of mutation]
  1110 | D:2      | Found a burning altar of Makhleb.
  1110 | D:2      | Noticed a green death
  1114 | D:2      | Noticed a smoke demon
  1114 | D:2      | Noticed a smoke demon
  1116 | D:2      | Became a worshipper of Makhleb the Destroyer
  1224 | D:2      | Found a glowing golden altar of the Shining One.
  1433 | D:2      | Reached skill level 1 in Short Blades
  1433 | D:2      | Reached skill level 1 in Long Blades
  1433 | D:2      | Reached skill level 1 in Axes
  1433 | D:2      | Reached skill level 1 in Maces & Flails
  1433 | D:2      | Reached skill level 1 in Polearms
  1433 | D:2      | Reached skill level 1 in Staves
  1433 | D:2      | Reached skill level 1 in Slings
  1433 | D:2      | Reached skill level 1 in Bows
  1433 | D:2      | Reached skill level 1 in Crossbows
  1433 | D:2      | Reached skill level 1 in Dodging
  1433 | D:2      | Reached skill level 1 in Shields
  1433 | D:2      | Reached skill level 1 in Unarmed Combat
  1433 | D:2      | Reached skill level 1 in Evocations
  1576 | D:3      | Reached XP level 4. HP: 38/38 MP: 8/8
  1691 | D:3      | Reached skill level 1 in Conjurations
  1691 | D:3      | Reached skill level 1 in Hexes
  1691 | D:3      | Reached skill level 1 in Summonings
  1691 | D:3      | Reached skill level 1 in Translocations
  1691 | D:3      | Reached skill level 1 in Transmutations
  1691 | D:3      | Reached skill level 1 in Fire Magic
  1691 | D:3      | Reached skill level 1 in Ice Magic
  1691 | D:3      | Reached skill level 1 in Air Magic
  1691 | D:3      | Reached skill level 1 in Earth Magic
  1691 | D:3      | Reached skill level 1 in Poison Magic
  1697 | D:3      | Reached XP level 5. HP: 43/43 MP: 9/9
  1784 | D:3      | Reached * piety under Makhleb
  2070 | D:3      | Reached XP level 6. HP: 34/50 MP: 10/10
  2105 | D:3      | Killed from afar by an orc priest

Illustrated notes

Levels and vault maps discovered:
D:1:      minmay_arrival_solitary_statue, layout_loops_cross
D:2:      layout_basic, lemuel_doored_altar, makhleb_altar_promises_db,
          minmay_misc_feat_x, tso_metal_star
D:3:      layout_rooms

Skill      XL: |  1  2  3  4  5 |
---------------+----------------+-----
Invocations    | 1 2 |  2.0
Short Blades   | 1 |  1.7
Long Blades    | 1 |  1.7
Axes           | 1 |  1.7
Maces & Flails | 1 |  1.7
Polearms       | 1 |  1.7
Staves         | 1 |  1.7
Slings         | 1 |  1.7
Bows           | 1 |  1.7
Crossbows      | 1 |  1.7
Dodging        | 1 |  1.7
Shields        | 1 |  1.7
Unarmed Combat | 1 |  1.7
Evocations     | 1 |  1.7
Spellcasting   | 3 |  3.3
Conjurations   | 1 |  1.3
Hexes          | 1 |  1.3
Summonings     | 1 |  1.3
Translocations | 1 |  1.3
Transmutations | 1 |  1.3
Fire Magic     | 1 |  1.3
Ice Magic      | 1 |  1.3
Air Magic      | 1 |  1.3
Earth Magic    | 1 |  1.3
Poison Magic   | 1 |  1.3
Throwing       | 3 |  3.1
Necromancy     | 4 |  4.0
Fighting       | |  4.9
Armour         | |  6.7
Stealth        | |  2.9

Action                   |  1- 3 |  4- 6 || total
-------------------------+-------+-------++-------
Melee: Mace              |    37 |       ||    37
       Dagger            |    40 |    71 ||   111
       Bite              |     2 |    10 ||    12
       War axe           |       |    27 ||    27
Throw: Stone             |     7 |     9 ||    16
 Cast: Animate Skeleton  |     7 |     3 ||    10
  Use: Scroll            |     3 |       ||     3
       Potion            |     2 |       ||     2
 Stab: Sleeping          |     2 |       ||     2
Armor: Robe              |    26 |     2 ||    28
       Chain mail        |       |    19 ||    19
       Scale mail        |       |    43 ||    43
Dodge: Dodged            |    59 |    48 ||   107
